 Dungeon Crawl Stone Soup version 0.30.0-17-ge0270778cf (webtiles) character file.

Game seed: 15823063564204739824

3140 olmar the Magician (level 9, 0/106 HPs)
             Began as a Gnoll Warper on May 21, 2023.
             Slain by a fire elemental (4 damage)
             ... summoned by a deep elf pyromancer
             ... in a bailey.
             The game lasted 00:17:42 (8030 turns).

olmar the Magician (Gnoll Warper)                   Turns: 8030, Time: 00:17:42

Health: 0/106      AC: 24    Str: 13    XL:     9   Next: 92%
Magic:  10/19      EV:  2    Int: 15    God:
Gold:   423        SH:  0    Dex: 11    Spells: 14/22 levels left

rFire   . . .        k - +2 hand axe (venom)
rCold   . . .        (no shield)
rNeg    . . .        v - melded +2 robe {Will+}
rPois   +            (helmet currently unavailable)
rElec   .            (cloak currently unavailable)
rCorr   .            (gloves currently unavailable)
SInv    +            (boots currently unavailable)
Will    +....        (no amulet)
Stlth   +++          w - ring of see invisible
HPRegen 0.37/turn    (no ring)
MPRegen 0.16/turn

%: no passive effects
@: tree-form, unable to drink
A: stationary, stasis, torment immunity, boosted hp, (fangs 1), strong nose,
distributed training, strong-willed 1, inability to drink after injury 1
a: no special abilities


You were in a bailey.
You were a tree.
You visited 1 branch of the dungeon, and saw 7 of its levels.
You also visited: Bailey.

You collected 423 gold pieces.

Inventory:

Hand Weapons
 a - a +0 mace
 h - a +2 heavy scythe
 j - a +1 whip of electrocution
 k - a +2 hand axe of venom (weapon)
Missiles
 t - a curare-tipped dart
 x - 9 poisoned darts (quivered)
Armour
 b - a +0 leather armour
 o - a scarf of harm
 p - a +3 scale mail of poison resistance
 v - a +2 robe of willpower (melded)
Magical Staves
 q - a staff of cold
Jewellery
 w - a ring of see invisible (left branch)
Wands
 y - a wand of digging (6)
Scrolls
 c - a scroll of blinking
 e - a scroll of fog
 g - a scroll of immolation
 s - a scroll of fear
 u - 2 scrolls of teleportation
 C - a scroll of enchant armour
Potions
 f - a potion of resistance
 i - 6 potions of flight
 m - 2 potions of lignification
 n - 3 potions of degeneration
 r - 2 potions of attraction
 z - a potion of mutation
 A - a potion of curing


   Skills:
 + Level 6.8 Fighting
 + Level 4.9 Short Blades
 + Level 4.9 Long Blades
 + Level 4.9 Axes
 + Level 6.8 Maces & Flails
 + Level 4.9 Polearms
 + Level 4.9 Staves
 + Level 4.9 Ranged Weapons
 + Level 5.6 Throwing
 + Level 5.6 Armour
 + Level 6.8 Dodging
 + Level 4.9 Stealth
 + Level 4.9 Shields
 + Level 4.9 Unarmed Combat
 + Level 7.1 Spellcasting
 + Level 4.0 Conjurations
 + Level 4.0 Hexes
 + Level 4.0 Summonings
 + Level 4.0 Necromancy
 + Level 6.9 Translocations
 + Level 4.0 Transmutations
 + Level 4.0 Fire Magic
 + Level 4.0 Ice Magic
 + Level 4.0 Air Magic
 + Level 4.0 Earth Magic
 + Level 4.0 Poison Magic
 + Level 5.3 Invocations
 + Level 4.9 Evocations


You had 14 spell levels left.
You knew the following spells:

 Your Spells              Type           Power      Damage    Failure   Level
a - Blink                 Tloc           52%        N/A       1%          2
b - Ensorcelled Hibernat  Hex/Ice        34%        N/A       3%          2
c - Manifold Assault      Tloc           26%        N/A       8%          4

Your spell library contained the following spells:

 Spells                   Type           Power      Damage    Failure   Level
 Lesser Beckoning         Tloc           52%        N/A       1%          2
 Slow                     Hex            68%        N/A       2%          1
 Teleport Other           Tloc           26%        N/A       2%          3
 Vhi's Electric Charge    Tloc/Air       42%        N/A       4%          3
 Confusing Touch          Hex            17%        N/A       8%          3
 Spider Form              Tmut/Pois      17%        N/A       8%          3
 Vampiric Draining        Necr           17%        2d7       8%          3
 Anguish                  Hex/Necr       8%         N/A       24%         4
 Cause Fear               Hex            8%         N/A       24%         4
 Olgreb's Toxic Radiance  Pois           17%        N/A       24%         4
 Enfeeble                 Hex            8%         N/A       100%        7
 Discord                  Hex            8%         N/A       100%        8
 Ignition                 Fire           8%         3d5       100%        8


Dungeon Overview and Level Annotations

Branches:
Dungeon (7/15)             Bailey (1/1)
 Temple: D:4-7

Altars:
Okawaru
Uskayaw


Innate Abilities, Weirdness & Mutations

You are a tree.
Your roots penetrate the ground, keeping you stationary.
You cannot be teleported.
You are immune to unholy pain and torment.
Your maximum health is greatly increased.
Your equipment is partially melded.
((You have very sharp teeth.))
Your uncanny sense of smell can sniff out nearby items.
Your experience applies equally to all skills.
You are strong-willed. (Will+)
You occasionally lose the ability to drink potions when taking damage.


Message History

Unknown command.
You hit the deep elf pyromancer.
The deep elf pyromancer is poisoned.
The deep elf pyromancer is lightly wounded.
You closely miss the fire elemental.
The deep elf pyromancer mumbles some strange words.
The fire elemental hits you. The fire elemental burns you!
Unknown command.
You hit the deep elf pyromancer.
The deep elf pyromancer looks as sick as possible!
The deep elf pyromancer is moderately wounded.
You barely miss the fire elemental.
You hit the fire elemental but do no damage.
The fire elemental hits you. The fire elemental burns you!
The deep elf pyromancer mumbles some strange words.
The fire elemental hits you. The fire elemental burns you!
The fire elemental hits you. The fire elemental burns you!
You slash the deep elf pyromancer!
The deep elf pyromancer looks as sick as possible!
The deep elf pyromancer is heavily wounded.
You barely miss the fire elemental. x2
You hit the fire elemental but do no damage.
The fire elemental disappears in a puff of smoke!
The deep elf pyromancer hits you but does no damage.
The fire elemental hits you. The fire elemental burns you!
The fire elemental hits you. The fire elemental burns you!
You hit the deep elf pyromancer.
The deep elf pyromancer looks as sick as possible!
Your punch misses the deep elf pyromancer.
The deep elf pyromancer is severely wounded.
You barely miss the fire elemental. You hit the fire elemental.
The fire elemental hits you. The fire elemental burns you!
* * * LOW HITPOINT WARNING * * *
The deep elf pyromancer casts a spell at you.
The bolt of fire hits you!!
You feel threatened and lose the ability to drink potions!
* * * LOW HITPOINT WARNING * * *
The bolt of fire hits the fire elemental.
The fire elemental completely resists.
The fire elemental hits you. The fire elemental burns you!
You die...

#### ####
#..##########..#
#......E.......#
##...8.♣§.8...##
#..###eE###..#
#..##.E..##..#
#..#.○....#..#
#..#..##..#..#
#..#..##..#..#
#..#?)$!}?#..#
#..##[?$[##..#
#..########..#


You could see a deep elf pyromancer (extremely poisoned) and 3 fire elementals.

Vanquished Creatures
  Pikel (D:5)
  An orc knight (Bailey)
  Grinder (D:3)
  Sigmund (D:3)
  A black bear (D:6)
  7 orc warriors
  2 ice beasts
  4 phantoms
  2 scorpions
  3 hounds
  An orc priest (D:5)
  A sleepcap (D:4)
  An iguana (D:6)
  3 orc wizards
  8 gnolls
  6 adders
  A white imp (D:6)
  2 worms
  A dart slug (D:1)
  21 orcs
  7 endoplasms
  3 giant cockroaches
  7 goblins
  8 hobgoblins
  9 jackals
  8 kobolds
  4 quokkas
  10 ball pythons
  7 bats
  A frilled lizard (D:1)
  5 rats
137 creatures vanquished.

Notes
Turn   | Place    | Note
-------+----------+-------------------------------------------
     0 | D:1      | olmar the Gnoll Warper began the quest for the Orb.
     0 | D:1      | Reached XP level 1. HP: 20/20 MP: 6/6
   356 | D:1      | Reached XP level 2. HP: 21/26 MP: 7/7
   565 | D:1      | Learned a level 2 spell: Blink
   936 | D:1      | Reached skill level 5 in Spellcasting
   936 | D:1      | Reached XP level 3. HP: 25/31 MP: 7/9
  1526 | D:2      | Reached skill level 1 in Invocations
  1797 | D:2      | Reached skill level 1 in Short Blades
  1797 | D:2      | Reached skill level 1 in Long Blades
  1797 | D:2      | Reached skill level 1 in Axes
  1797 | D:2      | Reached skill level 1 in Polearms
  1797 | D:2      | Reached skill level 1 in Staves
  1797 | D:2      | Reached skill level 1 in Ranged Weapons
  1797 | D:2      | Reached skill level 1 in Stealth
  1797 | D:2      | Reached skill level 1 in Shields
  1797 | D:2      | Reached skill level 1 in Unarmed Combat
  1797 | D:2      | Reached skill level 1 in Evocations
  1850 | D:2      | Reached XP level 4. HP: 30/38 MP: 8/11
  2203 | D:3      | Found a faded altar of an unknown god.
  2274 | D:3      | Noticed Grinder
  2323 | D:3      | Paralysed by Grinder for 4 turns
  2393 | D:3      | Noticed Sigmund
  2617 | D:3      | Killed Sigmund
  2618 | D:3      | Reached skill level 1 in Conjurations
  2618 | D:3      | Reached skill level 1 in Hexes
  2618 | D:3      | Reached skill level 1 in Summonings
  2618 | D:3      | Reached skill level 1 in Necromancy
  2618 | D:3      | Reached skill level 1 in Transmutations
  2618 | D:3      | Reached skill level 1 in Fire Magic
  2618 | D:3      | Reached skill level 1 in Ice Magic
  2618 | D:3      | Reached skill level 1 in Air Magic
  2618 | D:3      | Reached skill level 1 in Earth Magic
  2618 | D:3      | Reached skill level 1 in Poison Magic
  2618 | D:3      | Reached XP level 5. HP: 43/43 MP: 12/12
  2618 | D:3      | Reached XP level 6. HP: 50/50 MP: 14/14
  2770 | D:3      | Reached skill level 5 in Fighting
  2770 | D:3      | Reached skill level 5 in Maces & Flails
  2770 | D:3      | Reached skill level 5 in Dodging
  3101 | D:3      | Paralysed by Grinder for 3 turns
  3104 | D:3      | Killed Grinder
  3105 | D:3      | Reached XP level 7. HP: 43/56 MP: 15/15
  3589 | D:4      | Found an iron altar of Okawaru.
  4733 | D:4      | Reached XP level 8. HP: 9/63 MP: 16/16
  5289 | D:5      | Entered Level 5 of the Dungeon
  5290 | D:5      | Noticed Pikel
  5319 | D:5      | Gained mutation: You have sharp toenails. [potion of
                  | mutation]
  5319 | D:5      | Lost mutation: You have sharp toenails. [potion of
                  | mutation]
  5319 | D:5      | Gained mutation: You occasionally lose the ability to drink
                  | potions when taking damage. [potion of mutation]
  5319 | D:5      | Gained mutation: You are strong-willed. (Will+) [potion of
                  | mutation]
  5328 | D:5      | Killed Pikel
  5329 | D:5      | Reached skill level 6 in Spellcasting
  5336 | D:5      | Learned a level 2 spell: Ensorcelled Hibernation
  5341 | D:5      | Learned a level 4 spell: Manifold Assault
  5747 | D:5      | Found a hide-covered altar of Uskayaw.
  5854 | D:5      | Reached XP level 9. HP: 52/69 MP: 18/18
  6434 | D:6      | Reached skill level 5 in Throwing
  6434 | D:6      | Reached skill level 5 in Armour
  6491 | D:6      | Identified the +0 robe of Punaoptyrch {+Blink +Inv rF+
                  | Int-2}
  7047 | D:7      | Found a flagged portal.
  7075 | Bailey   | Entered a bailey
  7323 | Bailey   | HP: 1/71 [orc warrior/+0 glaive (22)]
  7347 | Bailey   | Reached skill level 5 in Invocations
  7666 | Bailey   | Found a large runed translucent door.
  7666 | Bailey   | Found a large runed translucent door.
  7666 | Bailey   | Noticed an orc knight
  7875 | Bailey   | Killed an orc knight
  7876 | Bailey   | Reached skill level 7 in Spellcasting
  7992 | Bailey   | Noticed a deep elf pyromancer
  8030 | Bailey   | HP: 4/106 [deep elf pyromancer/bolt of fire (22)]
  8030 | Bailey   | Slain by a fire elemental

Illustrated notes

Levels and vault maps discovered:
D:1:      minmay_arrival_widening_spiral_narrow, layout_loops_corners,
          serial_forest, infiniplex_forest_lined_4_way,
          infiniplex_forest_lined_3, infiniplex_forest_lined_room_2,
          infiniplex_forest_end_double, infiniplex_forest_clump_long,
          infiniplex_forest_end_2, infiniplex_forest_straight_1,
          infiniplex_forest_end_1
D:2:      layout_basic
D:3:      layout_loops_ring, basic_ecumenical_altar, uniq_sigmund, uniq_grinder
D:4:      layout_basic, old_standard_altar, gup_sewer_entry_pipe
D:5:      layout_rooms, kennysheep_mini_moat, uniq_pikel
D:6:      layout_rooms
D:7:      layout_cave_pools, nicolae_dithmenos_through_a_glass_darkly,
          minmay_temple_entry_arrows, enter_bailey_4
Bailey:   bailey_polearm_elven_captive_hellmonk, bailey

Skill      XL: |  1  2  3  4  5  6  7  8  9 |
---------------+----------------------------+-----
Spellcasting   | 5 6 7 |  7.1
Invocations    | 1 2 3 4 5 |  5.3
Short Blades   | 1 2 3 4 |  4.9
Long Blades    | 1 2 3 4 |  4.9
Axes           | 1 2 3 4 |  4.9
Polearms       | 1 2 3 4 |  4.9
Staves         | 1 2 3 4 |  4.9
Ranged Weapons | 1 2 3 4 |  4.9
Stealth        | 1 2 3 4 |  4.9
Shields        | 1 2 3 4 |  4.9
Unarmed Combat | 1 2 3 4 |  4.9
Evocations     | 1 2 3 4 |  4.9
Throwing       | 3 4 5 |  5.6
Armour         | 3 4 5 |  5.6
Conjurations   | 1 2 3 4 |  4.0
Hexes          | 1 2 3 4 |  4.0
Summonings     | 1 2 3 4 |  4.0
Necromancy     | 1 2 3 4 |  4.0
Transmutations | 1 2 3 4 |  4.0
Fire Magic     | 1 2 3 4 |  4.0
Ice Magic      | 1 2 3 4 |  4.0
Air Magic      | 1 2 3 4 |  4.0
Earth Magic    | 1 2 3 4 |  4.0
Poison Magic   | 1 2 3 4 |  4.0
Fighting       | 5 6 |  6.8
Maces & Flails | 5 6 |  6.8
Dodging        | 5 6 |  6.8
Translocations | 6 |  6.9

Action                     |  1- 3 |  4- 6 |  7- 9 || total
---------------------------+-------+-------+-------++-------
  Melee: Mace              |   124 |    77 |   164 ||   365
         Bite              |     7 |     5 |    32 ||    44
         Punch             |     2 |     2 |     3 ||     7
         Hand axe          |       |       |    90 ||    90
         Staff             |       |       |     7 ||     7
         Halberd           |       |       |     1 ||     1
         Whip              |       |       |   138 ||   138
  Throw: Dart              |     7 |    10 |    48 ||    65
         Boomerang         |     1 |       |    63 ||    64
   Cast: Blink             |     1 |     1 |    15 ||    17
         Ensorcelled Hiber |       |       |    11 ||    11
         Manifold Assault  |       |       |     1 ||     1
  Evoke: Wand              |       |     8 |     6 ||    14
    Use: Scroll            |       |     4 |    10 ||    14
         Potion            |       |     1 |     7 ||     8
   Stab: Sleeping          |     1 |       |     6 ||     7
 Armour: Leather armour    |    28 |    18 |       ||    46
         Robe              |       |     3 |    83 ||    86
         Skin              |       |       |     9 ||     9
  Dodge: Dodged            |    86 |    53 |   290 ||   429
